General information
- name: BNet
- type: Ladder team game (AT/RT)
- host: Battle.net
- saver: NotNotAlwaysNo
map: FullScaleAssault
- players: 8
- length: 45:58
- speed: Fast
- version: 1.26 W3XP
- replay type: Public
» download(336 KB)
Players
team 1 (winner)

»
sandbarjunkieII (
green | 52 APM | 2389 actions | 45:57)
6 Mountain King
3 Storm Bolt
2 Bash
1 Avatar
» actions
| Assign group hotkey | 43 | |
| Basic commands | 48 | |
| Build / train | 145 | |
| Enter build submenu | 92 | |
| Enter hero's abilities submenu | 6 | |
| Give item / drop item | 1 | |
| Right click | 751 | |
| Select / deselect | 611 | |
| Select group hotkey | 568 | |
| Use ability | 124 | |
2389 total
» units
| Peasant | 25 | |
| Goblin Shredder | 1 | |
| Mortar Team | 16 | |
| Flying Machine | 20 | |
| Siege Engine | 5 | |
| Goblin Zeppelin | 1 | |
68 total
» upgrades
| Masonry | 3 | |
| Lumber Harvesting | 1 | |
| Gunpowder | 3 | |
| Plating | 2 | |
| Barrage | 1 | |
| Flying Machine Bombs | 1 | |
| Flak Cannons | 1 | |
| Fragmentation Shards | 1 | |
13 total
» buildings
| Lumber Mill | 3 | |
| Farm | 12 | |
| Scout Tower | 59 | |
| Arcane Tower | 4 | |
| Altar of Kings | 1 | |
| Guard Tower | 29 | |
| Town Hall | 2 | |
| Arcane Vault | 2 | |
| Keep | 1 | |
| Blacksmith | 1 | |
| Workshop | 4 | |
| Castle | 1 | |
119 total
» build order
00:15 Lumber Mill
00:28 Farm
01:09 Farm
01:48 Farm
02:27 Scout Tower
02:51 Scout Tower
02:54 Scout Tower
02:59 Scout Tower
03:12 Scout Tower
03:16 Scout Tower
03:19 Arcane Tower
03:22 Scout Tower
03:24 Scout Tower
03:26 Arcane Tower
03:28 Arcane Tower
03:31 Scout Tower
03:46 Altar of Kings
03:49 Guard Tower
03:52 Scout Tower
03:57 Scout Tower
04:01 Scout Tower
04:05 Scout Tower
04:08 Scout Tower
04:11 Guard Tower
04:27 Scout Tower
04:30 Scout Tower
04:33 Scout Tower
04:37 Guard Tower
04:42 Scout Tower
04:46 Scout Tower
05:07 Guard Tower
05:11 Scout Tower
05:11 Guard Tower
05:16 Scout Tower
05:23 Scout Tower
05:27 Scout Tower
05:47 Guard Tower
06:10 Scout Tower
06:13 Scout Tower
06:16 Guard Tower
06:17 Guard Tower
06:22 Arcane Tower
06:27 Scout Tower
06:43 Scout Tower
06:46 Scout Tower
07:12 Town Hall
07:18 Scout Tower
07:21 Scout Tower
07:24 Scout Tower
07:28 Scout Tower
07:31 Arcane Vault
07:39 Guard Tower
07:42 Scout Tower
07:45 Scout Tower
07:51 Scout Tower
08:25 Arcane Vault
08:59 Scout Tower
09:02 Scout Tower
09:15 Keep
09:53 Scout Tower
10:28 Guard Tower
10:30 Scout Tower
10:46 Farm
11:06 Blacksmith
11:09 Farm
11:12 Guard Tower
11:17 Lumber Mill
11:23 Scout Tower
11:25 Scout Tower
11:32 Lumber Mill
11:49 Scout Tower
11:51 Guard Tower
11:56 Scout Tower
12:01 Scout Tower
12:03 Scout Tower
12:05 Guard Tower
12:17 Farm
12:33 Scout Tower
12:34 Scout Tower
13:18 Guard Tower
13:59 Guard Tower
14:31 Guard Tower
14:33 Guard Tower
14:38 Guard Tower
15:01 Workshop
15:07 Workshop
15:17 Guard Tower
15:20 Scout Tower
15:24 Workshop
15:41 Farm
15:47 Scout Tower
16:25 Guard Tower
16:40 Workshop
17:32 Scout Tower
18:10 Scout Tower
18:18 Scout Tower
18:19 Guard Tower
18:33 Guard Tower
18:38 Castle
18:41 Scout Tower
18:48 Guard Tower
19:06 Guard Tower
19:42 Farm
19:43 Guard Tower
20:40 Farm
20:42 Farm
20:53 Farm
25:01 Guard Tower
26:38 Farm
29:31 Town Hall
31:14 Scout Tower
31:16 Scout Tower
31:21 Scout Tower
31:24 Scout Tower
31:26 Scout Tower
32:10 Guard Tower
35:28 Guard Tower
38:03 Scout Tower
38:33 Guard Tower
» items
| Potion of Healing | 3 | |
| Ivory Tower | 10 | |
| Scroll of Regeneration | 2 | |
| Scroll of Town Portal | 3 | |
| Lesser Clarity Potion | 1 | |
| Orb of Fire | 1 | |
| Scroll of Healing | 1 | |
| Potion of Lesser Invulnerability | 1 | |
22 total
beoqawssss (
blue | 37 APM | 1703 actions | 45:57)
9 Mountain King
3 Storm Bolt
3 Bash
1 Avatar
2 Thunder Clap
7 Paladin
3 Holy Light
1 Divine Shield
2 Devotion Aura
1 Resurrection
» actions
| Build / train | 112 | |
| Enter build submenu | 34 | |
| Enter hero's abilities submenu | 16 | |
| Give item / drop item | 7 | |
| Remove unit from queue | 2 | |
| Right click | 618 | |
| Select / deselect | 751 | |
| Use ability | 163 | |
1703 total
» units
| Peasant | 16 | |
| Footman | 6 | |
| Goblin Shredder | 1 | |
| Dragonhawk Rider | 1 | |
| Gryphon Rider | 4 | |
| Knight | 1 | |
| Rifleman | 12 | |
| Priest | 1 | |
| Spell Breaker | 1 | |
| Goblin Zeppelin | 1 | |
44 total
» upgrades
| Swords | 3 | |
| Plating | 3 | |
| Lumber Harvesting | 2 | |
| Armor | 3 | |
| Cloud | 1 | |
| Storm Hammers | 1 | |
| Masonry | 3 | |
| Animal War Training | 1 | |
| Long Rifles | 1 | |
| Gunpowder | 3 | |
| Priest Training | 1 | |
| Control Magic | 1 | |
| Magic Sentry | 1 | |
24 total
» buildings
| Farm | 13 | |
| Altar of Kings | 1 | |
| Barracks | 3 | |
| Arcane Vault | 1 | |
| Lumber Mill | 3 | |
| Town Hall | 3 | |
| Keep | 1 | |
| Blacksmith | 1 | |
| Castle | 1 | |
| Gryphon Aviary | 4 | |
| Arcane Sanctum | 2 | |
33 total
» build order
00:40 Farm
00:45 Altar of Kings
01:09 Barracks
01:19 Farm
01:50 Farm
02:16 Arcane Vault
03:50 Lumber Mill
04:27 Town Hall
04:45 Keep
05:07 Blacksmith
07:09 Castle
07:14 Gryphon Aviary
07:17 Gryphon Aviary
07:23 Farm
07:47 Farm
07:50 Gryphon Aviary
07:56 Farm
08:01 Farm
08:43 Farm
08:44 Farm
08:53 Gryphon Aviary
09:27 Farm
10:26 Farm
10:38 Lumber Mill
10:44 Farm
11:21 Farm
18:30 Lumber Mill
22:21 Town Hall
22:28 Barracks
22:34 Barracks
23:46 Arcane Sanctum
23:53 Arcane Sanctum
33:26 Town Hall
» items
| Lesser Clarity Potion | 7 | |
| Scroll of Regeneration | 6 | |
| Orb of Fire | 1 | |
| Scroll of Town Portal | 5 | |
| Scroll of Healing | 3 | |
| Periapt of Vitality | 1 | |
23 total

»
Azeriksis (
purple | 33 APM | 1514 actions | 45:57)
7 Beastmaster
3 Summon Bear
3 Summon Hawk
1 Stampede
6 Paladin
3 Holy Light
2 Divine Shield
1 Resurrection
6 Naga Sea Witch
3 Frost Arrows
2 Mana Shield
1 Tornado
» actions
| Assign group hotkey | 40 | |
| Basic commands | 2 | |
| Build / train | 106 | |
| Enter build submenu | 16 | |
| Enter hero's abilities submenu | 19 | |
| Give item / drop item | 7 | |
| Right click | 512 | |
| Select / deselect | 246 | |
| Select group hotkey | 420 | |
| Use ability | 146 | |
1514 total
» units
| Peasant | 10 | |
| Footman | 7 | |
| Dragonhawk Rider | 18 | |
| Gryphon Rider | 3 | |
| Rifleman | 10 | |
| Priest | 9 | |
| Blue Dragon | 1 | |
58 total
» upgrades
| Animal War Training | 1 | |
| Swords | 3 | |
| Armor | 3 | |
| Lumber Harvesting | 1 | |
| Storm Hammers | 1 | |
| Long Rifles | 1 | |
| Priest Training | 2 | |
| Gunpowder | 3 | |
| Plating | 1 | |
| Cloud | 1 | |
17 total
» buildings
| Altar of Kings | 1 | |
| Farm | 11 | |
| Barracks | 2 | |
| Lumber Mill | 1 | |
| Arcane Vault | 1 | |
| Keep | 1 | |
| Blacksmith | 1 | |
| Castle | 1 | |
| Gryphon Aviary | 2 | |
| Town Hall | 1 | |
| Arcane Sanctum | 1 | |
23 total
» build order
00:07 Altar of Kings
00:11 Farm
00:24 Barracks
00:30 Farm
01:10 Lumber Mill
01:55 Farm
02:18 Arcane Vault
03:03 Keep
03:32 Farm
03:32 Farm
03:41 Farm
03:42 Farm
03:47 Farm
03:48 Farm
04:39 Blacksmith
06:16 Castle
06:25 Gryphon Aviary
06:33 Gryphon Aviary
16:25 Town Hall
22:58 Barracks
23:01 Arcane Sanctum
26:45 Farm
26:46 Farm
» items
| Boots of Speed | 3 | |
| Scroll of Regeneration | 2 | |
| Orb of Fire | 2 | |
7 total
NotNotAlwaysNo (
teal | 58 APM | 2668 actions | 45:58)
8 Blood Mage
3 Flame Strike
2 Siphon Mana
1 Summon Phoenix
2 Banish
» actions
| Assign group hotkey | 81 | |
| Basic commands | 80 | |
| Build / train | 146 | |
| Enter build submenu | 62 | |
| Enter hero's abilities submenu | 8 | |
| Give item / drop item | 8 | |
| Remove unit from queue | 2 | |
| Right click | 1014 | |
| Select / deselect | 633 | |
| Select group hotkey | 397 | |
| Use ability | 236 | |
2668 total
» units
| Peasant | 14 | |
| Footman | 4 | |
| Goblin Zeppelin | 9 | |
| Goblin Shredder | 7 | |
| Sorceress | 4 | |
| Goblin Sapper | 4 | |
| Mortar Team | 5 | |
| Flying Machine | 15 | |
| Blue Dragon | 1 | |
| Gryphon Rider | 4 | |
67 total
» upgrades
| Lumber Harvesting | 1 | |
| Magic Sentry | 1 | |
| Sorceress Training | 1 | |
| Gunpowder | 3 | |
| Armor | 3 | |
| Masonry | 1 | |
| Fragmentation Shards | 1 | |
| Flare | 1 | |
| Animal War Training | 1 | |
| Swords | 3 | |
| Flak Cannons | 1 | |
| Plating | 3 | |
| Cloud | 1 | |
| Storm Hammers | 1 | |
22 total
» buildings
| Altar of Kings | 1 | |
| Barracks | 1 | |
| Farm | 12 | |
| Scout Tower | 40 | |
| Arcane Tower | 1 | |
| Town Hall | 4 | |
| Keep | 1 | |
| Lumber Mill | 1 | |
| Arcane Vault | 1 | |
| Guard Tower | 4 | |
| Arcane Sanctum | 1 | |
| Castle | 1 | |
| Blacksmith | 3 | |
| Workshop | 4 | |
| Gryphon Aviary | 6 | |
81 total
» build order
00:38 Altar of Kings
00:39 Barracks
00:59 Farm
01:05 Farm
01:10 Farm
01:20 Farm
02:05 Farm
02:09 Scout Tower
02:40 Arcane Tower
03:58 Town Hall
04:46 Scout Tower
04:47 Scout Tower
04:47 Scout Tower
04:50 Scout Tower
04:52 Scout Tower
04:53 Scout Tower
04:58 Keep
05:04 Lumber Mill
05:17 Arcane Vault
05:50 Farm
06:24 Guard Tower
07:46 Arcane Sanctum
09:38 Castle
10:56 Blacksmith
11:02 Blacksmith
11:03 Blacksmith
12:57 Workshop
12:57 Workshop
12:57 Workshop
12:58 Workshop
13:46 Farm
13:47 Farm
13:47 Farm
13:48 Farm
13:48 Farm
13:48 Farm
26:43 Town Hall
28:35 Town Hall
29:11 Scout Tower
29:11 Scout Tower
29:13 Scout Tower
29:13 Scout Tower
29:19 Scout Tower
29:19 Scout Tower
29:22 Scout Tower
29:23 Scout Tower
30:14 Scout Tower
30:14 Scout Tower
30:16 Scout Tower
30:16 Scout Tower
30:19 Scout Tower
30:19 Scout Tower
30:20 Scout Tower
30:20 Scout Tower
30:21 Scout Tower
30:21 Scout Tower
30:34 Guard Tower
31:11 Guard Tower
32:36 Gryphon Aviary
32:36 Gryphon Aviary
32:37 Gryphon Aviary
32:37 Gryphon Aviary
32:38 Gryphon Aviary
32:40 Gryphon Aviary
38:19 Town Hall
38:22 Scout Tower
38:23 Scout Tower
38:23 Scout Tower
38:25 Scout Tower
38:27 Scout Tower
38:27 Scout Tower
38:27 Scout Tower
38:28 Scout Tower
38:31 Scout Tower
38:31 Scout Tower
38:31 Scout Tower
38:32 Scout Tower
38:34 Scout Tower
38:35 Scout Tower
38:36 Scout Tower
39:04 Guard Tower
» items
| Boots of Speed | 1 | |
| Scroll of Regeneration | 10 | |
| Potion of Invisibility | 6 | |
| Staff of Teleportation | 2 | |
| Lesser Clarity Potion | 4 | |
| Potion of Healing | 4 | |
| Scroll of Town Portal | 6 | |
| Potion of Mana | 1 | |
| Potion of Lesser Invulnerability | 3 | |
| Periapt of Vitality | 1 | |
38 total
team 2 (loser)
johnbob399 (
orange | 55 APM | 2529 actions | 45:57)
4 Blood Mage
2 Banish
2 Flame Strike
» actions
| Assign group hotkey | 24 | |
| Basic commands | 43 | |
| Build / train | 103 | |
| Enter build submenu | 57 | |
| Enter hero's abilities submenu | 4 | |
| Remove unit from queue | 4 | |
| Right click | 1135 | |
| Select / deselect | 466 | |
| Select group hotkey | 550 | |
| Use ability | 143 | |
2529 total
» units
| Peasant | 27 | |
| Goblin Zeppelin | 4 | |
| Mortar Team | 9 | |
| Goblin Shredder | 1 | |
| Siege Engine | 10 | |
| Priest | 3 | |
54 total
» upgrades
| Masonry | 2 | |
| Lumber Harvesting | 2 | |
| Gunpowder | 3 | |
| Flare | 1 | |
| Fragmentation Shards | 1 | |
| Barrage | 1 | |
| Plating | 3 | |
| Armor | 3 | |
| Flak Cannons | 1 | |
17 total
» buildings
| Altar of Kings | 1 | |
| Farm | 17 | |
| Lumber Mill | 1 | |
| Scout Tower | 20 | |
| Arcane Tower | 4 | |
| Arcane Vault | 1 | |
| Keep | 1 | |
| Town Hall | 6 | |
| Blacksmith | 1 | |
| Guard Tower | 12 | |
| Workshop | 3 | |
| Castle | 1 | |
| Arcane Sanctum | 1 | |
| Cannon Tower | 1 | |
70 total
» build order
00:14 Altar of Kings
00:16 Farm
00:23 Lumber Mill
00:52 Scout Tower
01:02 Farm
01:13 Farm
01:36 Arcane Tower
01:50 Farm
02:13 Scout Tower
02:21 Arcane Vault
04:03 Keep
04:32 Town Hall
04:43 Scout Tower
04:48 Scout Tower
05:03 Scout Tower
05:06 Scout Tower
05:11 Scout Tower
05:17 Scout Tower
05:19 Scout Tower
05:31 Scout Tower
05:38 Blacksmith
05:41 Guard Tower
05:44 Scout Tower
05:46 Scout Tower
05:49 Farm
05:52 Farm
05:56 Farm
05:58 Farm
06:00 Farm
06:01 Farm
06:02 Farm
06:22 Guard Tower
07:00 Guard Tower
07:03 Arcane Tower
07:19 Guard Tower
07:28 Guard Tower
07:44 Farm
07:47 Guard Tower
08:07 Workshop
08:53 Farm
08:58 Castle
09:01 Guard Tower
10:16 Workshop
10:22 Scout Tower
10:24 Scout Tower
10:56 Workshop
11:16 Arcane Tower
11:34 Arcane Sanctum
12:13 Arcane Tower
18:24 Cannon Tower
18:25 Guard Tower
25:27 Town Hall
25:29 Scout Tower
25:29 Scout Tower
26:07 Farm
26:08 Farm
26:09 Farm
26:11 Farm
26:19 Town Hall
26:21 Guard Tower
26:23 Scout Tower
26:28 Scout Tower
27:07 Guard Tower
27:09 Guard Tower
34:39 Town Hall
34:45 Town Hall
36:46 Town Hall
38:04 Scout Tower
38:38 Guard Tower
» items
| Lesser Clarity Potion | 1 | |
| Scroll of Regeneration | 1 | |
| Ivory Tower | 1 | |
| Potion of Mana | 1 | |
4 total
iceman6709 (
yellow | 48 APM | 2204 actions | 45:44)
7 Pandaren Brewmaster
2 Drunken Haze
1 Breath of Fire
3 Drunken Brawler
1 Storm Earth and Fire
6 Naga Sea Witch
3 Frost Arrows
2 Forked Lightning
1 Tornado
5 Priestess of the Moon
1 Scout
3 Trueshot Aura
1 Searing Arrows
» actions
| Assign group hotkey | 53 | |
| Basic commands | 42 | |
| Build / train | 102 | |
| ESC pressed | 3 | |
| Enter build submenu | 28 | |
| Enter hero's abilities submenu | 18 | |
| Give item / drop item | 1 | |
| Remove unit from queue | 1 | |
| Right click | 492 | |
| Select / deselect | 600 | |
| Select group hotkey | 713 | |
| Use ability | 149 | |
2204 total
» units
| Wisp | 20 | |
| Archer | 6 | |
| Goblin Shredder | 1 | |
| Hippogryph | 23 | |
| Chimaera | 14 | |
| Goblin Zeppelin | 1 | |
65 total
» upgrades
| Nature's Blessing | 1 | |
| Corrosive Breath | 1 | |
| Strength of the Wild | 3 | |
| Reinforced Hides | 2 | |
7 total
» buildings
| Moon Well | 8 | |
| Altar of Elders | 1 | |
| Ancient of War | 1 | |
| Ancient of Wonders | 1 | |
| Tree of Ages | 1 | |
| Tree of Eternity | 1 | |
| Ancient of Wind | 3 | |
| Tree of Life | 5 | |
| Chimaera Roost | 2 | |
| Hunter's Hall | 1 | |
| Ancient Protector | 1 | |
25 total
» build order
00:13 Moon Well
00:19 Altar of Elders
00:53 Ancient of War
01:18 Moon Well
01:38 Ancient of Wonders
02:38 Tree of Ages
03:36 Moon Well
04:22 Moon Well
05:05 Tree of Eternity
05:10 Ancient of Wind
05:27 Ancient of Wind
06:14 Tree of Life
08:01 Moon Well
09:00 Chimaera Roost
09:47 Chimaera Roost
10:37 Moon Well
10:46 Hunter's Hall
11:36 Moon Well
13:53 Tree of Life
15:32 Moon Well
18:13 Ancient of Wind
23:29 Ancient Protector
27:13 Tree of Life
36:37 Tree of Life
44:16 Tree of Life
» items
| Lesser Clarity Potion | 1 | |
| Scroll of Town Portal | 4 | |
| Boots of Speed | 1 | |
6 total

»
jpmorgan (
pink | 69 APM | 3146 actions | 45:44)
7 Demon Hunter
3 Mana Burn
3 Evasion
1 Metamorphosis
1 Priestess of the Moon
1 Trueshot Aura
6 Keeper of the Grove
3 Entangling Roots
2 Force of Nature
1 Tranquility
» actions
| Assign group hotkey | 5 | |
| Basic commands | 64 | |
| Build / train | 127 | |
| Enter build submenu | 30 | |
| Enter hero's abilities submenu | 14 | |
| Give item / drop item | 4 | |
| Right click | 2003 | |
| Select / deselect | 706 | |
| Select group hotkey | 67 | |
| Use ability | 125 | |
3146 total
» units
| Wisp | 27 | |
| Archer | 17 | |
| Dryad | 1 | |
| Hippogryph | 23 | |
| Goblin Zeppelin | 2 | |
70 total
» upgrades
| Strength of the Wild | 3 | |
| Reinforced Hides | 3 | |
| Well Spring | 1 | |
| Abolish Magic | 1 | |
| Improved Bows | 1 | |
| Marksmanship | 2 | |
| Strength of the Moon | 3 | |
| Hippogryph Taming | 1 | |
| Moon Armor | 1 | |
16 total
» buildings
| Altar of Elders | 1 | |
| Moon Well | 6 | |
| Ancient of War | 4 | |
| Tree of Ages | 1 | |
| Hunter's Hall | 2 | |
| Tree of Life | 4 | |
| Tree of Eternity | 6 | |
| Ancient of Lore | 2 | |
| Ancient of Wonders | 1 | |
| Ancient of Wind | 3 | |
| Chimaera Roost | 1 | |
31 total
» build order
00:06 Altar of Elders
00:21 Moon Well
00:34 Ancient of War
01:48 Ancient of War
01:59 Moon Well
02:56 Tree of Ages
03:13 Hunter's Hall
03:29 Moon Well
04:45 Tree of Life
05:14 Moon Well
05:19 Tree of Eternity
05:19 Tree of Eternity
05:20 Tree of Eternity
05:20 Tree of Eternity
07:37 Hunter's Hall
07:42 Ancient of Lore
08:26 Ancient of Lore
08:42 Ancient of Wonders
11:21 Ancient of Wind
11:49 Moon Well
12:24 Moon Well
13:14 Chimaera Roost
13:57 Ancient of Wind
14:04 Ancient of Wind
15:15 Tree of Life
17:37 Tree of Life
22:12 Ancient of War
22:16 Ancient of War
26:10 Tree of Life
» items
| Dust of Appearance | 1 | |
| Moonstone | 1 | |
| Potion of Healing | 2 | |
| Orb of Venom | 1 | |
5 total
Rampager (
red | 80 APM | 3633 actions | 45:09)
6 Priestess of the Moon
2 Searing Arrows
3 Trueshot Aura
1 Starfall
4 Keeper of the Grove
2 Entangling Roots
2 Thorns Aura
» actions
| Assign group hotkey | 56 | |
| Build / train | 104 | |
| Enter build submenu | 24 | |
| Enter hero's abilities submenu | 10 | |
| Give item / drop item | 2 | |
| Right click | 2045 | |
| Select / deselect | 356 | |
| Select group hotkey | 942 | |
| Use ability | 94 | |
3633 total
» units
| Wisp | 28 | |
| Archer | 23 | |
| Hippogryph | 20 | |
71 total
» upgrades
| Strength of the Moon | 1 | |
| Ultravision | 1 | |
| Strength of the Wild | 3 | |
| Improved Bows | 1 | |
| Hippogryph Taming | 1 | |
| Reinforced Hides | 3 | |
| Marksmanship | 1 | |
| Moon Armor | 1 | |
12 total
» buildings
| Altar of Elders | 1 | |
| Moon Well | 10 | |
| Ancient of War | 1 | |
| Hunter's Hall | 1 | |
| Ancient Protector | 6 | |
| Tree of Ages | 1 | |
| Ancient of Wind | 2 | |
| Tree of Life | 1 | |
| Tree of Eternity | 1 | |
24 total
» build order
00:15 Altar of Elders
00:21 Moon Well
00:40 Ancient of War
01:38 Hunter's Hall
02:00 Moon Well
02:44 Ancient Protector
03:37 Moon Well
04:30 Tree of Ages
06:11 Moon Well
06:59 Ancient of Wind
07:17 Ancient Protector
07:35 Moon Well
08:38 Tree of Life
08:56 Ancient Protector
09:02 Ancient Protector
09:14 Moon Well
10:40 Moon Well
11:33 Ancient Protector
12:47 Moon Well
12:53 Ancient Protector
13:39 Moon Well
13:43 Tree of Eternity
13:50 Moon Well
14:37 Ancient of Wind
» items
| Dust of Appearance | 1 | |
| Potion of Lesser Invulnerability | 3 | |
| Scroll of Protection | 1 | |
| Scroll of Town Portal | 2 | |
7 total
Chat log
(00:43 / All) NotNotAlwaysNo: IT ALL LIES
(00:45 / All) NotNotAlwaysNo: A PACK OF LIES
(00:48 / All) NotNotAlwaysNo: IT WAS ALL LIES
(00:52 / All) NotNotAlwaysNo: WHY DON'T YOU FUCK OFF AN DIE
(05:37 / Allies) NotNotAlwaysNo: holy fuck blue
(05:55 / Allies) NotNotAlwaysNo: fucking rape me out of level 3
(05:57 / Allies) NotNotAlwaysNo: take the shreddar
(06:01 / Allies) NotNotAlwaysNo: god why'd you have to get on my team
(06:33 / Allies) NotNotAlwaysNo: WOw
(06:35 / Allies) NotNotAlwaysNo: and you take my greens
(06:45 / Allies) NotNotAlwaysNo: I just said I needed level 3
(08:09 / Allies) sandbarjunkieII: wood plz
(08:48 / Allies) NotNotAlwaysNo: and 3 NE enemies wow
(08:57 / Allies) NotNotAlwaysNo: cool game
(09:24 / Allies) sandbarjunkieII: wood plz
(10:41 / Allies) sandbarjunkieII: ty
(11:39 / Allies) sandbarjunkieII: wood plz
(12:10 / Allies) sandbarjunkieII: wood
(13:00 / Allies) sandbarjunkieII: purple wood pl
(13:01 / Allies) sandbarjunkieII: z
(14:53 / All) sandbarjunkieII: rofl
(14:56 / All) NotNotAlwaysNo: bad timing
(14:58 / All) NotNotAlwaysNo: on the flame strike
(15:30 / Allies) sandbarjunkieII: wood plz
(15:35 / Allies) sandbarjunkieII: purple wood
(16:01 / Allies) sandbarjunkieII: tp to blue expo
(16:22 / Allies) sandbarjunkieII: tp to blues expo
(17:03 / Allies) sandbarjunkieII: kill morts purple
(22:06 / Allies) sandbarjunkieII: regroup no worries
(22:44 / Allies) beoqawssss: units
(23:07 / Allies) sandbarjunkieII: gold plz?
(23:12 / Allies) NotNotAlwaysNo: wtf opurpl
(23:53 / Allies) sandbarjunkieII: gold plz?
(25:04 / All) NotNotAlwaysNo: wtf with a move and morts
(27:16 / Allies) sandbarjunkieII: inc
(27:31 / All) sandbarjunkieII: hahaha
(28:18 / Allies) NotNotAlwaysNo: you'd think they;'d just defend their side
(28:20 / Allies) NotNotAlwaysNo: sincme they have less
(28:56 / Allies) sandbarjunkieII: blue tp in..
(30:31 / Allies) sandbarjunkieII: gold
(31:31 / Allies) sandbarjunkieII: teal gold?
(32:22 / Allies) sandbarjunkieII: teal gold
(32:42 / All) sandbarjunkieII: epic humans vs ne
(34:34 / Allies) beoqawssss: checl,
(34:40 / Allies) beoqawssss: check
(35:05 / Allies) sandbarjunkieII: gold me dude
(39:36 / All) NotNotAlwaysNo: Alright motherfuckers you jusyt cost yourselves the gaem
(40:11 / Allies) sandbarjunkieII: getting a tp purple
(40:37 / Allies) beoqawssss: gold please for hero
(40:52 / Allies) NotNotAlwaysNo: They lsot themselves the game
(40:54 / Allies) NotNotAlwaysNo: I was gonna tk
(40:54 / Allies) beoqawssss: thx
(40:56 / Allies) NotNotAlwaysNo: 1v7
(41:02 / Allies) NotNotAlwaysNo: kill everyone now I'm just gonna win it
(41:04 / Allies) NotNotAlwaysNo: they pissed me off
(41:31 / Allies) NotNotAlwaysNo: nobody slays my dragons and lives to tell the tale
(41:53 / Allies) sandbarjunkieII: gold
(42:31 / Allies) Azeriksis: i need gold for units
(43:38 / Allies) NotNotAlwaysNo: all meet
(43:51 / Allies) NotNotAlwaysNo: All meet we're ending this game
(44:09 / Allies) NotNotAlwaysNo: all meet
(44:24 / Allies) Azeriksis: dam nice army
(44:47 / Allies) NotNotAlwaysNo: let's go